 Dungeon Crawl Stone Soup version 0.21-a0-584-g185da8e (webtiles) character file.

60 sithsevirus the Shield-Bearer (level 4, -3/37 HPs)
             Began as a Formicid Fighter on Dec 21, 2017.
             Slain by a hobgoblin (6 damage)
             ... led by Robin
             ... on level 2 of the Dungeon.
             The game lasted 00:02:22 (937 turns).

sithsevirus the Shield-Bearer (Formicid Fighter)     Turns: 937, Time: 00:02:22

Health: -3/37      AC:  7    Str: 25    XL:     4   Next: 24%
Magic:  4/4        EV:  8    Int:  8    God:
Gold:   13         SH: 10    Dex: 11    Spells: 3/3 levels left

rFire    . . .     SeeInvis +   a - +0 trident
rCold    . . .     Gourm    .   c - +0 shield
rNeg     . . .     Faith    .   b - +0 scale mail
rPois    .         Spirit   .   (helmet unavailable)
rElec    .         Reflect  .   (no cloak)
rCorr    .         Harm     .   (no gloves)
MR       .....                  (no boots)
Stlth    ..........             (no amulet)
HPRegen  0.12/turn              (no ring)
MPRegen  0.09/turn              (no ring)

@: mighty
A: permanent stasis, dig shafts and tunnels, four strong arms, antennae 3
a: Dig, Shaft Self


You were on level 2 of the Dungeon.
You were not hungry.

You visited 1 branch of the dungeon, and saw 2 of its levels.

You collected 13 gold pieces.

Inventory:

Hand Weapons
 a - a +0 trident (weapon)
 i - a +4 whip
Missiles
 l - 21 stones (quivered)
Armour
 b - a +0 scale mail (worn)
 c - a +0 shield (worn)
Jewellery
 h - an uncursed ring of flight {unknown}
 m - an uncursed amulet of the gourmand {unknown}
Scrolls
 g - a scroll of fog {unknown}
 j - a scroll of magic mapping {unknown}
 n - a scroll of identify {unknown}
Potions
 e - a potion of lignification {unknown}
Comestibles
 f - 3 rations
 k - 7 chunks of flesh


   Skills:
 + Level 3.7 Fighting
 + Level 2.5 Polearms
 + Level 3.8 Armour
 + Level 1.8 Stealth
 + Level 4.1 Shields


You had 3 spell levels left.
You didn't know any spells.

Dungeon Overview and Level Annotations

Branches:
Dungeon (2/15)

Altars:


Innate Abilities, Weirdness & Mutations

You cannot be hasted, slowed, berserked, paralysed or teleported.
You can dig through walls and to a lower floor.
Your four strong arms can wield two-handed weapons with a shield.
You have a pair of large antennae on your head. (SInv)


Message History

Robin is almost dead.
You block Robin's attack. The goblin barely misses you.
The hobgoblin moves out of view.
A hobgoblin comes into view. It is wielding a club.
You hit Robin.
You kill Robin!
You block the goblin's attack.
You puncture the goblin!
You kill the goblin!
You feel sick.
You are no longer poisoned.
You block the hobgoblin's attack. The hobgoblin hits you.
* * * LOW HITPOINT WARNING * * *
You see here a goblin corpse.
Your shield and scale mail prevent you from hitting the hobgoblin.
You block the hobgoblin's attack.
You closely miss the hobgoblin. The hobgoblin hits you.
* * * LOW HITPOINT WARNING * * *
The hobgoblin hits you.
You die...

#..........##.#
#.
#.###########.#
#. #.# #.# #.
#.# ### #. #.#
##8 #. #.# ##8.
#. #.####.
#.#.#> #@#.#
#g#.# #g#.#
#g..# ###†# #{#
#)# #{# #{#


You could see 2 hobgoblins and a goblin.

Vanquished Creatures
  Robin (D:2)
  2 adders (D:2)
  A leopard gecko (D:2)
  3 ball pythons (D:2)
  3 giant cockroaches
  6 goblins (D:2)
  5 hobgoblins (D:2)
  2 kobolds (D:2)
  2 bats (D:1)
  2 frilled lizards
  A rat (D:2)
28 creatures vanquished.

Notes
Turn   | Place    | Note
-------+----------+-------------------------------------------
     0 | D:1      | sithsevirus the Formicid Fighter began the quest for the Orb.
     0 | D:1      | Reached XP level 1. HP: 18/18 MP: 1/1
   587 | D:2      | Reached XP level 2. HP: 24/24 MP: 2/2
   596 | D:2      | Reached skill level 1 in Stealth
   629 | D:2      | Reached XP level 3. HP: 25/29 MP: 3/3
   746 | D:2      | Reached skill level 4 in Shields
   906 | D:2      | Noticed Robin
   924 | D:2      | Reached XP level 4. HP: 13/37 MP: 4/4
   929 | D:2      | Killed Robin
   937 | D:2      | Slain by a hobgoblin

Vault maps used:
D:1:      tarquinn_simple_flora_water_b
D:2:      nicolae_overflow_hidden_temple, uniq_robin, uniq_crazy_yiuf_cottage

Skill      XL: |  1  2  3 |
---------------+----------+-----
Stealth        | 1 |  1.8
Shields        | 4 |  4.1
Fighting       | |  3.7
Polearms       | |  2.5
Armour         | |  3.8

Action                   |  1- 3 |  4- 6 || total
-------------------------+-------+-------++-------
Melee: Trident           |    90 |     8 ||    98
  Use: Potion            |     1 |       ||     1
Armor: Scale mail        |    28 |     1 ||    29
Dodge: Dodged            |    25 |     3 ||    28
Block: Shield            |    58 |     7 ||    65

Table legend:
 A = Spawn XP
 B = Non-spawn XP
 C = Spawn XP percentage of total XP
 D = Spawn monster count
 E = Non-spawn monster count
 F = Spawn count percentage of total count
 G = Total turns spent on level
                    A         B        C        D         E        F      G
               +---------+---------+-------+---------+---------+-------+---------
         Total |       0 |      86 |   0.0 |       0 |      28 |   0.0 |   937
               +---------+---------+-------+---------+---------+-------+---------
           D:1 |       0 |       6 |   0.0 |       0 |       4 |   0.0 |   582
           D:2 |       0 |      80 |   0.0 |       0 |      24 |   0.0 |   355
               +---------+---------+-------+---------+---------+-------+---------
